 Dungeon Crawl Stone Soup version 0.14-a0-1192-g192f278 (webtiles) character file.

483 Psiweapon the Sneak (level 6, -7/46 HPs)
             Began as a Naga Wizard on Dec 2, 2013.
             Mangled by an ice beast (11 damage)
             ... on Level 4 of the Dungeon.
             The game lasted 00:24:49 (4727 turns).

Psiweapon the Sneak (Naga Wizard)                   Turns: 4727, Time: 00:24:51

HP  -7/46        AC  3     Str 12      XL: 6   Next: 38%
MP  14/14        EV 10     Int 18      God:
Gold 180         SH  0     Dex  9      Spells:  4 memorised,  2 levels left

rFire  . . .     SeeInvis +     C - +0 falchion (slice)
rCold  . . .     Clarity  .     a - +0 robe
rNeg   . . .     Conserve .     (no shield)
rPois  +         rCorr    .     b - +0 wizard hat
rElec  .         rRot     .     (no cloak)
SustAb . .       Spirit   .     (no gloves)
rMut   .         Warding  .     (no barding)
Saprov . . .     Stasis   .     (no amulet)
                                (no ring)
                                (no ring)

@: short of breath, very slow, somewhat resistant to hostile enchantments, quite
stealthy
A: spit poison, see invisible, deformed body, poison resistance, slowness 2, AC
+2
a: Spit Poison


You were on level 4 of the Dungeon.
You were not hungry.

You visited 1 branch of the dungeon, and saw 5 of its levels.

You collected 180 gold pieces.

Inventory:

Hand weapons
 h - a +2,+0 elven spear
 j - a cursed +0,-1 dwarven short sword
 k - a +0,+0 sling
 v - a +2,+2 dagger of venom
 C - a +0,+0 falchion of slicing (weapon)
Armour
 a - a +0 robe (worn)
 b - a +0 wizard hat (worn)
 m - a +0 elven chain mail
Magical devices
 x - a wand of paralysis (11) {unknown}
Comestibles
 d - 2 bread rations
 n - 2 chunks of kobold flesh
 p - 2 chunks of orc flesh
 z - an apple
Scrolls
 f - 4 scrolls of identify {unknown}
 i - a scroll of fear {unknown}
 l - a scroll of magic mapping {unknown}
 q - a scroll of enchant weapon II {unknown}
 t - a scroll of curse armour {unknown}
 w - a scroll of teleportation {unknown}
 y - 2 scrolls of random uselessness {unknown}
 B - a scroll of amnesia {unknown}
Potions
 g - a potion of heal wounds
 o - a potion of speed {unknown}
 r - a potion of agility {unknown}
 s - a potion of restore abilities {unknown}
 u - a potion of beneficial mutation {unknown}
Books
 c - a book of Minor Magic

   Spells                             Type                      Level
   *Magic Dart                        Conjuration                  1
   Blink                              Translocation                2
   *Call Imp                          Summoning                    2
   Repel Missiles                     Charms/Air                   2
   Slow                               Hexes                        2
   *Conjure Flame                     Conjuration/Fire             3
   *Mephitic Cloud                    Conjuration/Poison/Air       3


   Skills:
 + Level 2.2 Short Blades
 + Level 2.3 Long Blades
 - Level 2.3 Dodging
 - Level 5.1 Stealth
 - Level 3.0 Spellcasting
 - Level 2.1 Conjurations
 - Level 1.0 Summonings
   Level 1.0 Translocations
 + Level 1.0 Fire Magic
 + Level 2.3 Air Magic
 - Level 2.1 Poison Magic


You had 2 spell levels left.
You knew the following spells:

 Your Spells              Type           Power        Failure   Level  Hunger
a - Magic Dart            Conj           ##..         10%         1    None
b - Call Imp              Summ           #.........   17%         2    ##.....
c - Mephitic Cloud        Conj/Pois/Air  ##......     24%         3    ###....
d - Conjure Flame         Conj/Fire      #.......     30%         3    ###....


Dungeon Overview and Level Annotations

Branches:
Dungeon (5/16)
 Temple: D:4-7

Altars:
Kikubaaqudgha
Xom

Shops:
D:4 [[

Annotations:
D:3 wojtek's ghost, average MiFi


Innate Abilities, Weirdness & Mutations

You cannot wear boots.
You can spit poison.
Your serpentine skin is tough (AC +2).
You have supernaturally acute eyesight.
Armour fits poorly on your strangely shaped body.
Your system is resistant to poisons.
You cover ground very slowly.


Message History

The ice beast hits you but does no damage.
You hit the ice beast.
The ice beast is heavily wounded.
The ice beast barely misses you.
Use which ability? (? or * to list)
Press: ? - help, Shift-Dir - straight line, f - ice beast
Aim: an ice beast (heavily wounded)
The splash of poison misses the ice beast.
You feel slightly more hungry. The ice beast barely misses you.
You barely miss the ice beast.
The ice beast is heavily wounded.
The ice beast hits you but does no damage.
You hit the ice beast.
The ice beast is heavily wounded.
The ice beast hits you. The ice beast freezes you!
* * * LOW HITPOINT WARNING * * *
The ice beast hits you.
* * * LOW HITPOINT WARNING * * *
The ice beast freezes you!
You die...

.......##.#.....∩.........∩..8.#
.......##.#.......###.)..########
.......##.#.......# #............
.......##.#.......# ####.........
..........'.......# #..<......
.##.......#.......# ##........
.##.......#...)...##### #########
###.......##'#.%..#...#
#.......##.#..@.#.#.###
#.......##...#.I..#...#
#.......####.#.######.#
###.......####....# #.#
.................######.#
################'##.....#
#.......##### #.......# #####
#.......#


You could see an ice beast.

Vanquished Creatures
  A phantom (D:5)
  2 worker ants (D:4)
  A gnoll (D:4)
  3 adders
  An inept feature mimic (D:4)
  An adder skeleton (D:4)
  3 giant geckos
  An ooze (D:4)
  4 orcs (D:4)
  6 bats
  4 giant cockroaches
  13 goblins
  4 hobgoblins
  6 jackals
  13 kobolds
  A quokka (D:3)
  3 giant newts
  7 rats
74 creatures vanquished.

Vanquished Creatures (collateral kills)
  A centaur skeleton (D:4)
  2 gnolls (D:4)
  A goblin (D:4)
  A hobgoblin (D:4)
  2 jackals (D:2)
  A kobold (D:4)
  A rat (D:2)
9 creatures vanquished.

Vanquished Creatures (others)
  A crimson imp (D:4)
1 creature vanquished.

Grand Total: 84 creatures vanquished

Notes
Turn   | Place    | Note
--------------------------------------------------------------
     0 | D:1      | Psiweapon, the Naga Wizard, began the quest for the Orb.
     0 | D:1      | Reached XP level 1. HP: 13/13 MP: 5/5
   186 | D:1      | Reached XP level 2. HP: 20/20 MP: 2/7
   254 | D:1      | Learned a level 2 spell: Call Imp
   754 | D:1      | Reached XP level 3. HP: 19/26 MP: 9/9
   870 | D:1      | Reached skill level 4 in Stealth
  1606 | D:2      | Found an ancient bone altar of Kikubaaqudgha.
  1606 | D:2      | Found a shimmering altar of Xom.
  2556 | D:3      | Noticed wojtek's ghost (average MiFi)
  2721 | D:4      | Reached XP level 4. HP: 33/33 MP: 11/11
  2732 | D:5      | Entered Level 5 of the Dungeon
  2732 | D:5      | Noticed a phantom
  2745 | D:4      | Learned a level 3 spell: Mephitic Cloud
  2902 | D:4      | Reached skill level 5 in Stealth
  3193 | D:4      | Found Igre's Antique Armour Shoppe.
  3315 | D:4      | Found Khofeu's Armour Emporium.
  3336 | D:4      | Reached skill level 1 in Short Blades
  3535 | D:4      | Reached skill level 1 in Poison Magic
  3554 | D:4      | Reached skill level 1 in Air Magic
  3554 | D:4      | Reached XP level 5. HP: 31/39 MP: 2/12
  3965 | D:4      | Reached skill level 1 in Long Blades
  4324 | D:4      | Learned a level 3 spell: Conjure Flame
  4480 | D:5      | Killed a phantom
  4480 | D:5      | Reached skill level 1 in Fire Magic
  4480 | D:5      | Reached XP level 6. HP: 27/46 MP: 1/14
  4715 | D:5      | Noticed an ice beast
  4721 | D:5      | HP: 2/46 [ice beast (13)]
  4727 | D:4      | Mangled by an ice beast

Action                   |  1- 3 |  4- 6 || total
-------------------------+-------+-------++-------
Melee: Dagger            |    53 |    73 ||   126
       Falchion          |       |    36 ||    36
 Cast: Magic Dart        |    32 |    25 ||    57
       Call Imp          |     5 |    10 ||    15
       Mephitic Cloud    |       |     3 ||     3
       Conjure Flame     |       |     3 ||     3
 Abil: Spit Poison       |    20 |    17 ||    37
  Use: Potion            |       |     2 ||     2
 Stab: Sleeping          |     6 |     2 ||     8
